 Dungeon Crawl Stone Soup version 0.28-a0-461-g2dc4ca5097 (webtiles) character file.

Game seed: 16068862832592064305

6552 lunkers the Thaumaturge (level 11, -13/84 HPs)
             Began as a Djinni Earth Elementalist on Sept 13, 2021.
             Was a Follower of Ashenzari.
             Mangled by a large abomination (36 damage)
             ... on level 2 of the Abyss.
             The game lasted 00:16:09 (12003 turns).

lunkers the Thaumaturge (DjEE)                     Turns: 12003, Time: 00:16:10

Health: -13/84     AC:  5    Str: 15    XL:     11   Next: 20%
Gold:   370        EV: 17    Int: 20    God:    Ashenzari [*.....] SH:  0 Dex: 14

rFire   + + .      SeeInvis .   e - +2 dagger "Shackled With Me" {drain, Melee, Evo} (curse)
rCold   x . .      Faith    .   (no shield)
rNeg    + . .      Spirit   .   c - +2 robe {rN+}
rPois   ∞          Reflect  .   r - +0 helmet
rElec   .          Harm     .   (no cloak)
rCorr   .          Rampage  .   (no gloves)
Will    +....                   (boots unavailable)
Stlth   ++........              b - amulet of Light {Drain Fly Regen+ Str+8}
HPRegen 1.24/turn               q - ring of Ashenzari's Henotheism {EV+4, Fort, Cun} (curse)
MPRegen 0.00/turn               (no ring)

@: flying
A: sickness immunity, fire resistance 2, cold vulnerability 1, float, innate
caster, hp casting, extra vitality 1
a: Renounce Religion, Shatter the Chains


You were on level 2 of the Abyss.
You worshipped Ashenzari.
Ashenzari was aware of your devotion.
You visited 2 branches of the dungeon, and saw 10 of its levels.
You visited the Abyss 1 time.

You collected 370 gold pieces.

Inventory:

Hand Weapons
 e - the cursed +2 dagger "Shackled With Me" (weapon) {drain, Melee, Evo}
   (You took it off an orc on level 8 of the Dungeon)

   A truly terrible weapon, it drains the life of any living foe it strikes.
   It has a curse which improves the following skills: Melee Combat: Short
   Blades, Long Blades, Axes, Maces & Flails, Polearms, Staves and Unarmed
   Combat.
   Evocations: Evocations.
 h - a +4 scimitar of freezing
Missiles
 n - 288 stones
Armour
 c - a +2 robe of positive energy (worn)
 r - a +0 helmet (worn)
Jewellery
 b - the amulet of Light (around neck) {Drain Fly Regen+ Str+8}
   (You acquired it on level 8 of the Dungeon)

   [amulet of regeneration]

   Str:       It affects your strength (+8).
   Fly:       It grants you flight.
   Regen:     It increases your rate of health regeneration.
   Drain:     It drains your maximum health when unequipped.
 q - the cursed ring of Ashenzari's Henotheism (left hand) {EV+4, Fort, Cun}
   (You took it off a goblin on level 3 of the Dungeon)

   [ring of evasion]

   EV:        It affects your evasion (+4).
   It has a curse which improves the following skills: Fortitude: Armour and
   Shields.
   Cunning:   Dodging and Stealth.
Wands
 i - a wand of acid (9)
 u - a wand of paralysis (22)
 B - a wand of polymorph (5)
 C - a wand of mindburst (17)
Scrolls
 d - a scroll of fog
 l - a scroll of silence
 m - 2 scrolls of teleportation
 o - a scroll of enchant weapon
 v - a scroll of enchant armour
 x - 2 scrolls of blinking
 A - a scroll of magic mapping
 D - 2 scrolls of fear
Potions
 a - a potion of heal wounds
 f - 5 potions of curing
 g - 2 potions of might
 k - a potion of resistance
 p - 2 potions of attraction
 s - a potion of ambrosia
 t - a potion of invisibility
 w - a potion of mutation


   Skills:
 + Level 9.4 Fighting
 - Level 2.1(3.0) Dodging
 - Level 1.5(2.3) Stealth
 * Level 10.6 Spellcasting


You had 9 spell levels left.
You knew the following spells:

 Your Spells              Type           Power      Damage    Failure   Level
a - Stone Arrow           Conj/Erth      100%       3d13      1%          3
b - Passwall              Tmut/Erth      43%        N/A       1%          2
c - Sandblast             Erth           100%       2d20      1%          1
d - Petrify               Tmut/Erth      52%        N/A       1%          4
e - Pain                  Necr           100%       1d9       1%          1
f - Static Discharge      Conj/Air       52%        N/A       1%          2
g - Ensorcelled Hibernat  Hex/Ice        100%       N/A       1%          2
h - Mephitic Cloud        Conj/Pois/Air  52%        N/A       1%          3
i - Animate Dead          Necr           26%        N/A       1%          4
Your spell library was empty.

Dungeon Overview and Level Annotations

Branches:
Dungeon (9/15)             Temple (1/1) D:6            Lair (0/6) D:8
    Orc: D:9-12

Altars:
Ashenzari
Cheibriados
Dithmenos
Elyvilon
Fedhas
Hepliaklqana
Kikubaaqudgha
Makhleb
Nemelex Xobeh
Okawaru
Qazlal
Ru
Sif Muna
Trog
Uskayaw
Vehumet
Wu Jian
Xom
Yredelemnul
Zin
The Shining One

Shops:
D:5 *

Annotations:
D:5 3 runed translucent doors, CraigForest's ghost, novice MfGl; Prince Ribbit


Innate Abilities, Weirdness & Mutations

You are immune to sickness and miasma.
You are immune to poison.
Your flesh is very heat resistant. (rF++)
You are vulnerable to cold. (rC-)
You float through the air rather than walking.
You learn spells naturally, not from books.
Your magical power is your life essence.
You have superior vitality. (+4 HP)


Message History

The flying skull hits you.
Unknown command.
Unknown command.
The flying skull barely misses you.
Casting: Stone Arrow (safe; 1% risk of failure)
Confirm with . or Enter, or press ? or * to list all spells.
Aiming: Stone Arrow (safe; 1% risk of failure)
Press: ? - help, Shift-Dir - straight line, f/p - flying skull
Aim: a flying skull (heavily damaged, 58% to hit)
The stone arrow hits the flying skull!!
You destroy the flying skull!
Unknown command.
Casting: Stone Arrow (safe; 1% risk of failure)
Confirm with . or Enter, or press ? or * to list all spells.
Aiming: Stone Arrow (safe; 1% risk of failure)
Press: ? - help, Shift-Dir - straight line, f - large abomination
Aim: a large abomination (92% to hit)
The stone arrow hits the large abomination!
The large abomination is moderately damaged.
The large abomination barely misses you.
Unknown command.
Casting: Stone Arrow (safe; 1% risk of failure)
Confirm with . or Enter, or press ? or * to list all spells.
Aiming: Stone Arrow (safe; 1% risk of failure)
Press: ? - help, Shift-Dir - straight line, f/p - large abomination
Aim: a large abomination (moderately damaged, 92% to hit)
The stone arrow hits the large abomination.
The large abomination is moderately damaged.
The large abomination hits you!!
* * * LOW HITPOINT WARNING * * *
Casting: Stone Arrow (safe; 1% risk of failure)
Confirm with . or Enter, or press ? or * to list all spells.
Aiming: Stone Arrow (safe; 1% risk of failure)
Press: ? - help, Shift-Dir - straight line, f/p - large abomination
Aim: a large abomination (moderately damaged, 92% to hit)
The stone arrow hits the large abomination.
The large abomination is heavily damaged.
* * * LOW HITPOINT WARNING * * *
The large abomination hits you!!!
You die...

. ## .###.## #
#... # #.#
..>.#..#.#.# ##
... .## ..#.## #
#...#...#.#.#.###
. #.# # ).#. ....
.## . .
#........# . # .
## .. #
.......####. # .
.
#..##..##..#.####
. . #. #.#
##.##.X@.#. #
#.#.#.#..#.#.## .
..#.##.. #####
###...# # #.
#.... # .#.##..
#. .. # ## #


You could see a large abomination.

Vanquished Creatures
  A two-headed ogre (D:8)
  Pikel (D:5)
  An elephant (D:8)
  An efreet (Abyss:2)
  A hornet (D:9)
  Grinder (D:3)
  A shadow (D:9)
  A wyvern (D:8)
  Eustachio (D:4)
  3 flying skulls (Abyss:2)
  2 large abominations (Abyss:2)
  A small abomination (Abyss:2)
  3 yaks (D:8)
  2 basilisks
  2 water moccasins
  2 orc warriors
  2 ice beasts
  2 black bears
  3 centaurs
  Blork the orc (D:5)
  3 kobold brigands
  2 scorpions
  7 wights
  A howler monkey (D:4)
  A crimson imp (D:6)
  2 hounds (D:6)
  2 centaur skeletons
  2 orc priests
  Jessica (D:2)
  2 bullfrog skeletons
  Natasha (D:4)
  3 iguanas
  3 orc wizards
  2 hound skeletons (D:4)
  A howler monkey zombie (D:8)
  Robin (D:4)
  10 adders
  A shadow imp (D:6)
  2 white imps (D:5)
  An ufetubus (D:6)
  An adder zombie (D:5)
  2 worms (D:4)
  2 dart slugs
  13 orcs
  9 ball pythons
  6 bats
  8 endoplasms
  3 giant cockroaches
  9 hobgoblins
  4 jackals
  2 quokkas (D:3)
  5 frilled lizards
  16 goblins
  A jackal skeleton (D:4)
  27 kobolds
  6 rats
194 creatures vanquished.

Vanquished Creatures (others)
  An orc wizard (D:8)
  3 demonic plants (Abyss:2)
4 creatures vanquished.

Grand Total: 198 creatures vanquished

Notes
Turn   | Place    | Note
-------+----------+-------------------------------------------
     0 | D:1      | lunkers the Djinni Earth Elementalist began the quest for
                  | the Orb.
     0 | D:1      | Reached XP level 1. HP: 15/15 MP: 0/0
   195 | D:1      | Reached XP level 2. HP: 21/22 MP: 0/0
   377 | D:1      | Reached skill level 1 in Fighting
   546 | D:1      | Reached XP level 3. HP: 26/27 MP: 0/0
   546 | D:1      | Learned a level 1 spell: Pain
   584 | D:1      | Found a faded altar of an unknown god.
   656 | D:1      | Reached skill level 3 in Spellcasting
  2329 | D:2      | Reached XP level 4. HP: 11/33 MP: 0/0
  3370 | D:2      | Noticed Jessica
  3386 | D:2      | Reached XP level 5. HP: 32/38 MP: 0/0
  3386 | D:2      | Learned a level 2 spell: Static Discharge
  3391 | D:2      | Killed Jessica
  3812 | D:3      | Noticed Grinder
  3816 | D:3      | Killed Grinder
  3817 | D:3      | Reached skill level 4 in Spellcasting
  3817 | D:3      | Reached XP level 6. HP: 33/46 MP: 0/0
  3911 | D:3      | Found an iron altar of Okawaru.
  3912 | D:3      | Found a glowing golden altar of the Shining One.
  3912 | D:3      | Found a hide-covered altar of Uskayaw.
  3912 | D:3      | Found an ornate altar of the Wu Jian Council.
  4194 | D:3      | Found a blossoming altar of Fedhas.
  4712 | D:3      | Found a hazy altar of Hepliaklqana.
  4713 | D:3      | Found a shadowy altar of Dithmenos.
  4715 | D:3      | Noticed a shadow
  5038 | D:4      | Reached XP level 7. HP: 40/50 MP: 0/0
  5038 | D:4      | Learned a level 2 spell: Ensorcelled Hibernation
  5051 | D:4      | Noticed Eustachio
  5202 | D:4      | Killed Eustachio
  5203 | D:4      | Reached skill level 5 in Spellcasting
  5518 | D:4      | Noticed Robin
  5689 | D:4      | Killed Robin
  6191 | D:4      | Found a shimmering altar of Xom.
  6376 | D:4      | Found a glowing silver altar of Zin.
  6439 | D:4      | Found a white marble altar of Elyvilon.
  6644 | D:4      | Noticed Natasha
  6652 | D:4      | Killed Natasha
  6816 | D:5      | Entered Level 5 of the Dungeon
  6877 | D:5      | Noticed a water moccasin
  6882 | D:5      | Killed a water moccasin
  6883 | D:5      | Reached XP level 8. HP: 52/58 MP: 0/0
  6971 | D:5      | Found Mokoythrep's General Store.
  7009 | D:5      | Reached skill level 6 in Spellcasting
  7069 | D:5      | Noticed Blork the orc
  7071 | D:5      | Killed Blork the orc
  7126 | D:5      | Found a runed translucent gate.
  7163 | D:5      | Found a runed translucent gate.
  7164 | D:5      | Found a runed translucent gate.
  7164 | D:5      | Noticed CraigForest's ghost (novice MfGl)
  7356 | D:5      | Reached skill level 5 in Fighting
  7434 | D:5      | Noticed Pikel
  7443 | D:5      | Killed Pikel
  7444 | D:5      | Reached skill level 7 in Spellcasting
  7444 | D:5      | Reached XP level 9. HP: 40/66 MP: 0/0
  7444 | D:5      | Learned a level 3 spell: Mephitic Cloud
  7618 | D:5      | Noticed Prince Ribbit
  7940 | D:6      | Found a burning altar of Makhleb.
  8246 | D:6      | Found a staircase to the Ecumenical Temple.
  8270 | Temple   | Entered the Ecumenical Temple
  8990 | Temple   | Became a worshipper of Ashenzari the Shackled
  9129 | D:6      | Identified a scroll of acquirement
  9893 | D:7      | Reached skill level 8 in Spellcasting
 10785 | D:7      | Reached XP level 10. HP: 60/75 MP: 0/0
 11200 | D:8      | Acquired the amulet of Light {Drain Fly Regen+ Str+8}
 11334 | D:8      | Reached * piety under Ashenzari
 11340 | D:8      | Found a staircase to the Lair.
 11340 | D:8      | Noticed an elephant
 11346 | D:8      | Reached skill level 9 in Spellcasting
 11353 | D:8      | Killed an elephant
 11615 | D:8      | Found a sparkling altar of Nemelex Xobeh.
 11711 | D:9      | Noticed a two-headed ogre
 11721 | D:8      | Killed a two-headed ogre
 11762 | D:9      | Reached skill level 10 in Spellcasting
 11870 | D:9      | Noticed a wizard
 11882 | D:9      | Reached XP level 11. HP: 77/82 MP: 0/0
 11882 | D:9      | Learned a level 4 spell: Animate Dead
 11888 | D:9      | Cast into level 2 of the Abyss (a wizard)
 11953 | Abyss:2  | Noticed a death drake
 12003 | Abyss:2  | Mangled by a large abomination

Illustrated notes

Levels and vault maps discovered:
D:1:      lightli_arrival_chessboard, layout_basic,
          chequers_ecumenical_altar_simple
D:2:      minmay_general_purpose_star, layout_basic, uniq_jessica
D:3:      layout_loops_corners, riverfiend_overflow_shadow_ancestor,
          chequers_temple_overflow_statue_of_worship, lemuel_crystal_altar,
          hangedman_decor_riveting, uniq_grinder
D:4:      minmay_recursive_quarters, layout_rooms,
          mainiacjoe_overflow_two_lobes, mainiacjoe_overflow_six_doors_small,
          uniq_robin, uniq_natasha, uniq_eustachio
D:5:      layout_rooms, ebering_ghost_rock_garden, serial_shops,
          nicolae_shop_trees, uniq_pikel, uniq_blork_the_orc,
          uniq_prince_ribbit1
D:6:      layout_loops_ring, makhleb_grotto_becter,
          minmay_temple_entry_glassed_door, wad_floor_pattern_2,
          kennysheep_generic_room_15
D:7:      layout_rooms
D:8:      layout_rooms, mainiacjoe_overflow_surrounded_room, david_lair_generic,
          bh_walls_and_bars
D:9:      layout_basic, gammafunk_ghost_wrathful_warriors, minmay_radiant
Temple:   jpeg_temple_island
Abyss:2:  base: D:6, evilmike_abyss_exit_plants

Skill      XL: |  1  2  3  4  5  6  7  8  9 10 11 |
---------------+----------------------------------+-----
Fighting       | 1 2 3 4 5 7 8 9 |  9.4
Spellcasting   | 3 4 5 7 8 10 | 10.6
Dodging        | |  2.1
Stealth        | |  1.5

Action                   |  1- 3 |  4- 6 |  7- 9 | 10-12 || total
-------------------------+-------+-------+-------+-------++-------
Melee: Unarmed           |       |       |     1 |       ||     1
 Cast: Sandblast         |    36 |       |       |       ||    36
       Pain              |    39 |    33 |       |       ||    72
       Stone Arrow       |       |    27 |   162 |    81 ||   270
Invok: Curse Item        |       |       |     1 |     1 ||     2
  Use: Scroll            |       |       |       |     1 ||     1
Armor: Robe              |     6 |     1 |    13 |     2 ||    22
Dodge: Dodged            |    10 |     4 |    29 |    23 ||    66

Table legend: (Time is in decaauts)
 A = Elapsed time spent in this place.
 B = Non-inter-level travel time spent in this place.
 C = Inter-level travel time spent in this place.
 D = Time resting spent in this place.
 E = Time spent auto-exploring this place.
 F = Levels seen in this place.
 G = Mean time per level.
                   A        B        C        D        E       F      G
               +--------+--------+--------+--------+--------+-----+--------+
         Total |  12009 |  11747 |    262 |   1179 |   9205 |  11 | 1091.7 |
       Dungeon |  11144 |  10960 |    184 |   1177 |   8490 |   9 | 1238.2 |
        Temple |    749 |    671 |     78 |      0 |    665 |   1 |  749.0 |
         Abyss |    114 |    114 |      0 |      2 |     50 |   1 |  114.0 |
               +--------+--------+--------+--------+--------+-----+--------+

Top non-repeatable levels by time:
     D:2: 2326 daAuts
     D:3: 1699 daAuts
     D:6: 1472 daAuts
     D:1: 1411 daAuts
     D:4: 1383 daAuts
     D:7: 1007 daAuts
     D:5: 955 daAuts
  Temple: 749 daAuts
     D:8: 721 daAuts
     D:9: 166 daAuts
 Abyss:2: 114 daAuts
